 Dungeon Crawl Stone Soup version 0.13.0-3-g966e3ec (webtiles) character file.

106 Bloax the Ruffian (level 3, -6/22 HPs)
             Began as a Gargoyle Monk on Oct 13, 2013.
             Mangled by an orc
             ... wielding a +0,+2 orcish mace
              (7 damage)
             ... on Level 4 of the Dungeon.
             The game lasted 00:08:05 (649 turns).

Bloax the Ruffian (Gargoyle Monk)                    Turns: 649, Time: 00:08:06

HP  -6/22        AC  6     Str 14      XL: 3   Next: 47%
MP   2/2         EV 12     Int 10      God:
Gold 67          SH  0     Dex 13      Spells:  0 memorised,  2 levels left

Res.Fire  : . . .   See Invis. : .     - Unarmed
Res.Cold  : . . .   Warding    : .   d - +0 leather armour
Life Prot.: + . .   Conserve   : .   (no shield)
Res.Poison: +       Res.Corr.  : .   (no helmet)
Res.Elec. : +       Clarity    : .   (no cloak)
Sust.Abil.: . .     Spirit.Shd : .   (no gloves)
Res.Mut.  : .       Stasis     : .   (no boots)
Res.Rott. : +       Flight     : .   (no amulet)
Saprovore : . . .                    (no ring)
                                     (no ring)

@: not resistant to hostile enchantments, fairly stealthy
A: fangs 1, talons 2, life protection 1, electricity resistance, slow metabolism
1, unbreathing, petrification resistance, AC +3
a: no special abilities


You were on level 4 of the Dungeon.
You were not hungry.

You visited 1 branch of the dungeon, and saw 4 of its levels.

You collected 67 gold pieces.


Innate Abilities, Weirdness & Mutations

You are resistant to torment.
You are immune to poison.
Your stone body is very resilient (AC +3).
You have very sharp teeth.
You have razor-sharp toenails.
You resist negative energy.
You are resistant to electric shocks.
You have a slow metabolism.
You can survive without breathing.
You are immune to petrification.


   Skills:
 * Level 4.0 Fighting
 + Level 2.7 Dodging
 - Level 2.1 Stealth
 * Level 4.8 Unarmed Combat


You had 2 spell levels left.
You didn't know any spells.

Dungeon Overview and Level Annotations

Branches:
Dungeon (4/27)
 Temple: D:4-7

Altars:

Inventory:

Armour
 d - a +0 leather armour (worn)
   (You found it on level 1 of the Dungeon)
Comestibles
 b - a bread ration
Scrolls
 c - 2 scrolls of remove curse

#...# .# #......
.# . #.#...# .# #
.. #r#...# .#.# .
#.#...# .#.# #
#.#.#... g..
#.##.#.#..####g#
.............o..#
#...##.#.#...ro@##
.........%....o.#
#.####...#..#####
<...........%....
.#####..##.##.#
........ #
....##.....
##########.


You could see an orc wizard, 2 gnolls, 2 orcs and a quokka.


Message History

Found a pear.
A quokka comes into view.
Unknown command.
Enter note: well that's better
Found a stone staircase leading up.
You hit the goblin. You punch the goblin, but do no damage.
The goblin is moderately wounded.
The orc closely misses you. The goblin closely misses you.
Unknown command.
You hit the goblin.
You kill the goblin!
The orc hits you with an orcish short sword.
* * * LOW HITPOINT WARNING * * *
Unknown command.
The orc wizard points at you and mumbles some strange words.
The magic dart hits you!
* * * LOW HITPOINT WARNING * * *
Unknown command. 3 gnolls come into view.
The gnoll shouts!
Unknown command.
Read which item? (? for menu, Esc to quit)
As you read the scroll labeled OTEYCL YCSOUDD, it crumbles to dust.
You feel forgetful for a moment.
It was a scroll of amnesia.
The gnoll shouts!
The orc hits you but does no damage.
Read which item? (? for menu, Esc to quit)
As you read the scroll labeled UPAAHO CHUMEUL, it crumbles to dust.
Your +0 leather armour glows black for a moment.
It was a scroll of curse armour.
The orc hits you but does no damage.
Read which item? (? for menu, Esc to quit)
As you read the scroll labeled STOATE DURIDOR, it crumbles to dust.
You feel as if something is helping you.
It was a scroll of remove curse.
The orc closely misses you.
The orc hits you with an orcish short sword.
* * * LOW HITPOINT WARNING * * *
Drink which item? (? for menu, Esc to quit)
You feel much better.
It was a potion of heal wounds.
The orc completely misses you.
The orc hits you with an orcish short sword.
The gnoll barely misses you. The orc barely misses you. The orc misses you.
The orc wizard barely misses you. The gnoll closely misses you.
Unknown command.
Unknown command.
You hit the orc.
The orc is lightly wounded.
The orc closely misses you. The orc barely misses you.
The orc wizard misses you.
Unknown command.
Unknown command.
You barely miss the orc wizard.
The gnoll hits you from afar with a halberd.
Unknown command.
Unknown command.
You barely miss the orc wizard. You claw the orc wizard.
The orc wizard is moderately wounded.
The orc wizard casts a spell at you. The magic dart hits you!
Ouch! That really hurt!
* * * LOW HITPOINT WARNING * * *
The orc hits you with an orcish mace.
* * * LOW HITPOINT WARNING * * *
The orc hits you but does no damage.
Unknown command.
You barely miss the orc wizard. You claw the orc wizard.
The orc wizard is severely wounded.
The orc wizard closely misses you. The orc closely misses you.
The orc hits you with an orcish mace!
You die...

Action                   || total
-------------------------++-------
Melee: Unarmed           ||    57
  Use: Scroll            ||     5
       Potion            ||     2
 Stab: Sleeping          ||     1

Vault maps used:
D:1:      ncdulo_watergridlock, minmay_misc_feat_ornament, minmay_unequal
D:2:      first_bread, st_stairs_7
D:4:      grunt_temple_overflow_lords_of_destruction,
          minmay_temple_entry_poolview, serial_shops, shop, shop, st_stairs_1,
          minivault_26

Notes
Turn   | Place    | Note
--------------------------------------------------------------
     0 | D:1      | Bloax, the Gargoyle Monk, began the quest for the Orb.
     0 | D:1      | Reached XP level 1. HP: 12/12 MP: 0/0
     0 | D:1      | Bloax: oi
    64 | D:1      | araganzar: yeah my ogre I am thinking get down to d20 or so, get a demon whip, do v1-4, hopefully get crypt, go TSO, get sacred scourge
    99 | D:1      | araganzar: i mean I'll almost certainly get a demon whip by d24 or vaults
    99 | D:1      | Bloax: Scourge sounds good.
   141 | D:1      | araganzar: would a branded demon whip be better against OOF
   160 | D:1      | araganzar: I will have silence for liches
   187 | D:2      | araganzar: god i love raping elf with high AC and silence
   190 | D:2      | araganzar: only thing better is having rod of fcloud or pcloud too
   190 | D:2      | Bloax: pcloud as a gr with silence
   190 | D:2      | araganzar: you better kick this fucking gargoyle into gear
   190 | D:2      | Bloax: hahahaha
   190 | D:2      | Bloax: die elves
   190 | D:2      | Bloax: Also that's not gonna happen.
   190 | D:2      | Bloax: trust me
   190 | D:2      | araganzar: my gargoyle dominated elf
   190 | D:2      | Bloax: Unless I get very lucky.
   238 | D:2      | Reached XP level 2. HP: 11/17 MP: 1/1
   278 | D:2      | araganzar: I had lcs and shatter though
   286 | D:2      | araganzar: with chei
   290 | D:2      | HP: 4/17 [adder (1)]
   295 | D:2      | araganzar: chei is brutal with gargoyle and earth
   295 | D:2      | HP: 1/17 [adder (4)]
   314 | D:2      | araganzar: shatter, stone form, slouch
   408 | D:2      | Bloax: Chei in general is extremely good.
   433 | D:2      | araganzar: http://itsbootytime.com/bling/takingiteasynotext.gif
   445 | D:2      | araganzar: my gargoyle in vault5
   455 | D:2      | araganzar: immolation + fan of blades + vial of floods + shatter
   455 | D:2      | araganzar: +lightning rod
   455 | D:2      | araganzar: +disc of storms
   455 | D:2      | Bloax: rofl
   455 | D:2      | Bloax: such a quality gif
   455 | D:2      | Bloax: Mirrored as fuck.
   470 | D:2      | Reached XP level 3. HP: 11/22 MP: 2/2
   546 | D:3      | Bloax: gosh is this lagging
   570 | D:3      | HP: 2/22 [orc priest/divine providence (14)]
   581 | D:4      | PRIESTS
   604 | D:4      | hello
   604 | D:4      | i would like to complain
   604 | D:4      | about all the priests in my crawl
   610 | D:4      | HP: 4/22 [adder (1)]
   613 | D:4      | Reached skill level 4 in Fighting
   624 | D:4      | araganzar: why it's dangerous to scroll-ID on D4 looking for mapping
   624 | D:4      | araganzar: http://lpix.org/1451076/niceport.png
   626 | D:4      | araganzar: that's 0 turns after scroll kicked in
   627 | D:4      | araganzar: i like your colors
   631 | D:4      | araganzar: i need to steal someone's rc
   631 | D:4      | well that's better
   631 | D:4      | Bloax: Go steal it.
   631 | D:4      | araganzar: how does i
   631 | D:4      | araganzar: what butan do i pres
   631 | D:4      | Bloax: http://crawl.lantea.net/crawl/rcfiles/crawl-git/Bloax.rc
   643 | D:4      | HP: 3/22 [orc/orcish short sword (3)]
   648 | D:4      | HP: 5/22 [orc wizard/magic dart (11)]
   648 | D:4      | HP: 1/22 [orc/orcish mace (4)]
   649 | D:4      | Mangled by an orc

Vanquished Creatures
  2 adders
  5 hobgoblins
  2 kobolds (D:2)
  2 quokkas (D:2)
  2 bats (D:2)
  A giant gecko (D:2)
  4 giant newts
  3 goblins
  2 rats
23 creatures vanquished.
